 Dungeon Crawl Stone Soup version 0.22.1-1-ga44c0e5 (webtiles) character file.

123 mandick the Ruffian (level 4, -1/37 HPs)
             Began as a Draconian Transmuter on Oct 1, 2018.
             Slain by an orc
             ... wielding a +0 mace of protection
              (7 damage)
             ... on level 3 of the Dungeon on Oct 2, 2018.
             The game lasted 00:07:45 (2516 turns).

mandick the Ruffian (Draconian Transmuter)          Turns: 2516, Time: 00:07:45

Health: -1/37      AC:  6    Str: 13    XL:     4   Next: 79%
Magic:  3/7        EV: 12    Int: 14    God:
Gold:   155        SH:  0    Dex: 11    Spells: 4/7 levels left

rFire    . . .     SeeInvis .     - Unarmed
rCold    . . .     Gourm    .   (no shield)
rNeg     . . .     Faith    .   (armour unavailable)
rPois    .         Spirit   .   (helmet restricted)
rElec    .         Reflect  .   e - +0 cloak
rCorr    .         Harm     .   (no gloves)
MR       .....                  (no boots)
Stlth    +.........             (no amulet)
HPRegen  0.12/turn              (no ring)
MPRegen  0.10/turn              (no ring)

@: appendage (expiring), very slightly contaminated
A: unfitting armour, horns 2, cold-blooded, AC +5
a: End Transformation


You were on level 3 of the Dungeon.
You were hungry.
You had grown temporary horns.
You visited 1 branch of the dungeon, and saw 3 of its levels.

You collected 155 gold pieces.

Inventory:

Hand Weapons
 g - a +1 dagger of venom
 n - a cursed -1 whip
 p - a cursed -1 hand axe
Missiles
 a - 34 arrows
Armour
 e - a +0 cloak (worn)
Scrolls
 b - a scroll of blinking {unknown}
 d - 4 scrolls of identify {unknown}
 j - 3 scrolls of enchant weapon {unknown}
 o - 4 scrolls of remove curse {unknown}
 q - a scroll of amnesia {unknown}
 r - 4 scrolls of teleportation {unknown}
 s - a scroll of immolation {unknown}
Potions
 f - 3 potions of flight {unknown}
 i - a potion of curing {unknown}
 k - a potion of heal wounds {unknown}
 l - a potion of ambrosia {unknown}
 m - a potion of agility
Comestibles
 c - a ration
 h - 2 chunks of flesh


   Skills:
 + Level 2.6 Fighting
 + Level 2.7 Dodging
 + Level 3.8 Unarmed Combat
 - Level 2.0 Spellcasting
 + Level 3.0 Transmutations


You had 4 spell levels left.
You knew the following spells:

 Your Spells              Type           Power        Failure   Level  Hunger
a - Beastly Appendage     Tmut           #.....       7%          1    ##.....
b - Sticks to Snakes      Tmut           #.......     11%         2    ###....

Your spell library contained the following spells:

 Spells                   Type           Power        Failure   Level  Hunger
 Spider Form              Tmut/Pois      #.........   36%         3    ####...
 Ice Form                 Ice/Tmut       #.......     77%         4    #####..
 Blade Hands              Tmut           #.........   88%         5    ######.


Dungeon Overview and Level Annotations

Branches:
Dungeon (3/15)

Altars:


Innate Abilities, Weirdness & Mutations

Your plain brown scales are hard. (AC +5)
You cannot fit into any form of body armour.
You are cold-blooded and may be slowed by cold attacks.
You have a pair of horns on your head.


Message History

You tail-slap the orc, but do no damage.
The orc is almost dead.
The orc hits you with a mace of protection.
You closely miss the orc.
The orc is almost dead.
The orc hits you with a mace of protection.
* * * LOW HITPOINT WARNING * * *
You closely miss the orc.
The orc is almost dead.
The orc barely misses you.
You closely miss the orc.
The orc is almost dead.
You closely miss the orc. You headbutt the orc, but do no damage.
The orc is almost dead.
The orc hits you with a mace of protection.
* * * LOW HITPOINT WARNING * * *
You closely miss the orc.
Your tail-slap misses the orc.
The orc is almost dead.
The orc hits you with a mace of protection!
You die...

.##.................. #.# ..!
#................ ... ##..
##.............. #.#
.....##...........##. #
######.# #..................
.##......##
#.###.[......######
..........## #........#.#....
#.......>..# ###.....##...###
#..........# #@o...........
#..........#####....##...##..
#...................# ##.#
#.. #....)..........###.# ..#
#....≈..≈...≈..≈.≈#.# ..
#......≈≈....≈≈≈....#
#....≈.≈≈≈≈≈≈≈≈≈≈.....
#.....≈≈≈≈≈≈≈≈≈≈.≈..##
#.....≈≈≈≈≈≈≈≈≈≈≈...#


You could see an orc.

Vanquished Creatures
  An orc wizard (D:3)
  2 adders (D:2)
  An ooze (D:1)
  A worm (D:2)
  3 dart slugs
  A leopard gecko (D:1)
  4 orcs
  A ball python (D:2)
  4 bats
  9 giant cockroaches (D:2)
  8 goblins
  4 hobgoblins (D:1)
  6 jackals (D:2)
  A quokka (D:2)
  2 kobolds (D:2)
  A rat (D:1)
49 creatures vanquished.

Vanquished Creatures (collateral kills)
  An adder (D:2)
  A goblin (D:2)
  A bat (D:2)
3 creatures vanquished.

Grand Total: 52 creatures vanquished

Notes
Turn   | Place    | Note
-------+----------+-------------------------------------------
     0 | D:1      | mandick the Draconian Transmuter began the quest for the
                  | Orb.
     0 | D:1      | Reached XP level 1. HP: 16/16 MP: 3/3
   181 | D:1      | Reached XP level 2. HP: 14/23 MP: 3/5
   908 | D:2      | Learned a level 2 spell: Sticks to Snakes
   978 | D:2      | Reached XP level 3. HP: 23/29 MP: 1/6
  1729 | D:2      | Reached XP level 4. HP: 29/37 MP: 5/7
  2222 | D:3      | Found a faded altar of an unknown god.
  2516 | D:3      | Slain by an orc

Skill      XL: |  1  2  3  4 |
---------------+-------------+-----
Dodging        | 2 |  2.7
Fighting       | 2 |  2.6
Transmutations | 3 |  3.0
Unarmed Combat | |  3.8
Spellcasting   | |  2.0

Action                   |  1- 3 |  4- 6 || total
-------------------------+-------+-------++-------
Melee: Unarmed           |   127 |    91 ||   218
       Kick              |    15 |     1 ||    16
       Tailslap          |    14 |    14 ||    28
       Headbutt          |     3 |     8 ||    11
       Punch             |       |     1 ||     1
 Cast: Beastly Appendage |    13 |     7 ||    20
       Sticks to Snakes  |     4 |     4 ||     8
 Stab: Sleeping          |       |     1 ||     1
  Eat: Chunk             |     3 |     3 ||     6
Armor: Skin              |    53 |    28 ||    81
Dodge: Dodged            |    96 |    69 ||   165
